AoeStats
← willrhyd

Fortress

508081567Analyzed
4v4 RM · 11d ago on Sep 20, 2026· 51m 13s· 8 players
Game mode
Random Map
Map size
Huge
Population
200
Speed
Normal
Resources
Standard
Victory
Conquest
Starting age
Dark Age
Ending age
Imperial Age
RankedLock teamsTeams togetherTeam positionsShared explorationLock speedFull tech treeHidden civsTurbo modeCheats
Victory
Defeat
🇬🇧 Bengalis · United Kingdom
1385
+17
🇨🇦 Mongols · Canada
1385
+17
🇪🇸 Burmese · Spain
1378
+17
🇺🇸 Khmer · United States
1354
+18
🇨🇴 Saracens · Colombia
1479
-21
🇩🇪 Persians · Germany
1477
-21
🇵🇪 Spanish · Peru
1359
-15
🇨🇴 Vietnamese · Colombia
1274
-12
treehugger
7:22 Feudal Age
10:39 Castle Age
9:23 Double-Bit Axe
9:20 Horse Collar
11:45 Bow Saw
12:56 Heavy Plow
18:57 Wheelbarrow
20:19 Hand Cart
21:59 Gold Mining
22:00 Stone Mining
23:57 Gold Shaft Mining
23:58 Stone Shaft Mining
24:55 Loom
27:44 Imperial Age
25:30 Town Watch
25:55 Husbandry
26:06 Bloodlines
27:47 Masonry
28:01 Ballistics
27:44 Tusk Swords
29:06 Conscription
28:47 Double Crossbow
28:12 Elite Ballista Elephant
29:57 Chemistry
29:03 Siege Engineers
29:45 Crop Rotation
30:35 Light Cavalry
31:34 Hussar
32:24 Scale Barding Armor
32:21 Padded Archer Armor
34:15 Leather Archer Armor
34:22 Chain Barding Armor
33:39 Pikeman
34:50 Scale Mail Armor
35:04 Forging
34:40 Halberdier
36:14 Chain Mail Armor
36:35 Iron Casting
37:25 Plate Barding Armor
37:21 Ring Archer Armor
39:38 Blast Furnace
38:30 Fletching
38:58 Arson
40:03 Caravan
41:12 Bodkin Arrow
46:26 Bracer
[MF]
8:26 Feudal Age
9:57 Horse Collar
12:46 Castle Age
15:42 Heavy Plow
15:45 Gold Mining
17:10 Loom
18:01 Wheelbarrow
17:11 Town Watch
18:34 Stone Mining
19:45 Hand Cart
20:57 Fletching
21:22 Masonry
25:58 Imperial Age
25:42 Gold Shaft Mining
26:02 Bodkin Arrow
26:29 Redemption
26:41 Sanctity
26:33 Town Patrol
27:49 Block Printing
29:10 Chemistry
28:56 Architecture
31:32 Bracer
31:38 Scale Barding Armor
31:44 Forging
32:36 Conscription
33:31 Theocracy
33:22 Illumination
33:30 Squires
32:50 Pikeman
33:47 Scale Mail Armor
34:22 Iron Casting
33:59 Halberdier
34:58 Chain Mail Armor
38:33 Plate Mail Armor
38:23 Caravan
48:07 Scale Barding Armor
48:37 Iron Casting
50:11 Bloodlines
50:04 Husbandry
50:00 Elite Battle Elephant
51:03 Chain Barding Armor
willrhyd
8:01 Feudal Age
8:49 Double-Bit Axe
11:32 Castle Age
9:15 Horse Collar
14:16 Sanctity
17:38 Fervor
19:20 Gold Mining
19:17 Loom
20:17 Redemption
27:11 Wheelbarrow
29:28 Imperial Age
31:27 Gold Shaft Mining
31:50 Hand Cart
32:01 Block Printing
32:22 Theocracy
33:03 Illumination
33:08 Bow Saw
33:42 Fletching
35:05 Bodkin Arrow
36:06 Elite Ratha (Ranged)
40:57 Padded Archer Armor
41:26 Bracer
41:49 Caravan
44:09 Town Watch
46:37 Ballistics
47:51 Husbandry
50:48 Conscription
50:37 Paiks
剧终
6:51 Feudal Age
11:02 Castle Age
8:58 Double-Bit Axe
9:14 Horse Collar
12:46 Bow Saw
17:34 Heavy Plow
20:21 Wheelbarrow
19:33 Loom
25:08 Imperial Age
23:24 Bloodlines
23:15 Husbandry
23:58 Thumb Ring
23:44 Fletching
23:55 Padded Archer Armor
24:20 Ballistics
24:06 Gold Mining
24:07 Stone Mining
24:41 Bodkin Arrow
26:04 Hand Cart
26:42 Conscription
26:24 Bracer
27:29 Chemistry
26:41 Caravan
28:15 Leather Archer Armor
27:42 Elite Mangudai
30:25 Parthian Tactics
31:25 Hoardings
31:11 Light Cavalry
31:57 Scale Barding Armor
32:03 Forging
34:05 Chain Barding Armor
33:57 Hussar
36:56 Iron Casting
39:08 Blast Furnace
47:23 Onager
50:33 Capped Ram
life click
8:04 Feudal Age
11:51 Castle Age
9:50 Double-Bit Axe
9:56 Horse Collar
10:22 Gold Mining
11:07 Loom
17:50 Husbandry
20:18 Devotion
25:58 Light Cavalry
27:19 Bloodlines
33:05 Fortified Wall
36:42 Imperial Age
37:04 Hussar
39:55 Murder Holes
42:16 Hoardings
sebas0995932
7:33 Feudal Age
9:03 Double-Bit Axe
11:34 Castle Age
9:35 Horse Collar
11:12 Loom
12:43 Bow Saw
13:01 Heavy Plow
17:27 Wheelbarrow
20:20 Stone Mining
20:24 Gold Mining
21:29 Hand Cart
21:03 Town Watch
26:22 Imperial Age
24:10 Scale Barding Armor
24:16 Forging
24:49 Husbandry
24:59 Bloodlines
25:37 Forging
25:47 Chain Barding Armor
25:40 Forging
26:24 Elite Mameluke
28:23 Plate Barding Armor
28:31 Iron Casting
28:12 Masonry
27:56 Fletching
29:32 Siege Engineers
30:35 Chemistry
29:55 Ballistics
30:22 Murder Holes
30:38 Fortified Wall
31:08 Hoardings
32:08 Conscription
34:46 Blast Furnace
38:39 Caravan
41:18 Bodkin Arrow
41:24 Padded Archer Armor
lukardo
7:17 Feudal Age
9:56 Loom
11:03 Double-Bit Axe
11:00 Horse Collar
13:56 Castle Age
12:01 Fletching
15:00 Bow Saw
16:17 Heavy Plow
28:22 Imperial Age
26:13 Bodkin Arrow
26:26 Stone Mining
27:44 Wheelbarrow
27:12 Padded Archer Armor
28:15 Leather Archer Armor
28:49 Hand Cart
28:43 Chatras
29:10 Thumb Ring
29:27 Bracer
31:10 Ring Archer Armor
33:31 Two-Man Saw
33:02 Crop Rotation
32:28 Gold Mining
33:03 Devotion
33:44 Paper Money
35:15 Chemistry
34:36 Ballistics
38:07 Caravan
39:41 Elite Rattan Archer
42:07 Bloodlines
41:58 Husbandry
41:19 Light Cavalry
43:06 Scale Barding Armor
43:12 Forging
45:10 Chain Barding Armor
45:26 Iron Casting
45:51 Elite Battle Elephant
48:13 Plate Barding Armor
49:01 Bombard Tower
48:47 Siege Engineers
TrCL.MAN1AC
7:35 Feudal Age
11:32 Castle Age
9:56 Double-Bit Axe
9:54 Horse Collar
12:23 Bow Saw
13:48 Wheelbarrow
18:48 Hand Cart
19:10 Heavy Plow
25:03 Imperial Age
23:45 Gold Mining
23:49 Light Cavalry
24:39 Bloodlines
24:30 Husbandry
24:39 Scale Barding Armor
24:44 Forging
25:44 Chain Barding Armor
26:08 Conscription
26:48 Iron Casting
26:48 Elite War Elephant
28:33 Plate Barding Armor
30:03 Loom
32:13 Blast Furnace
31:22 Hussar
32:19 Caravan
33:58 Devotion
41:10 Faith
42:53 Two-Man Saw
42:26 Crop Rotation
44:47 Hoardings
49:50 Masonry
Connection lost

Rejoining the realm…

Still unreachable

The connection could not be restored.

Session expired

The server has moved on; the page needs a fresh start.